Map: Eternal Empire LE

Players

Neeb - Winner!

  • Race: Protoss Protoss
  • Spawn Location: 1:00

thermostaat (uThermal)

  • Race: Terran Terran
  • Spawn Location: 7:00

Event: Cheeseadelphia XI, Cheeseadelphia XI

VOD

Have the link to the VOD?

Description

Time

  • Played on: Dec. 14, 2019, 7:14 p.m.
  • Length: 8:49

All games in this series

Show
View Real Time Build Order
Export as new Build Order

Neeb Protoss - Winner!

Build Orders:  

Get SALT Encoding   

  12  0:00  Probe  
  13  0:12  Probe  
  14  0:17  Pylon  
  14  0:24  Probe (Chrono Boost)  
  15  0:36  Gateway  
  15  0:37  Probe (Chrono Boost)  
  16  0:43  Probe (Chrono Boost)  
  16  0:45  Assimilator  
  17  0:51  Probe  
  18  1:03  Probe  
  19  1:15  Probe  
  20  1:25  Cybernetics Core  
  20  1:27  Zealot (Chrono Boost)  
  20  1:29  Pylon  
  20  1:30  Probe  
  23  1:47  Probe  
  23  1:48  Zealot (Chrono Boost)  
  26  1:59  Probe  
  27  2:01  Shield Battery  
  27  2:05  Shield Battery  
  27  2:11  Stalker (Chrono Boost), Probe  
  27  2:23  Probe  
  26  2:33  Stalker (Chrono Boost)  
  26  2:35  Probe  
  28  2:46  Shield Battery  
  28  2:47  Probe  
  27  2:52  Shield Battery  
  27  3:01  Stalker  
  27  3:03  Shield Battery  
  29  3:10  Shield Battery  
  29  3:17  Shield Battery  
  29  3:21  Shield Battery  
  29  3:29  Shield Battery  
  29  3:33  Probe  
  30  3:40  Robotics Facility  
  30  3:42  Assimilator, Warp Gate  
  31  3:48  Pylon  
  31  4:00  Nexus  
  30  4:05  Stalker (Chrono Boost)  
  30  4:06  Probe  
  33  4:18  Probe  
  34  4:25  Warp Prism (Chrono Boost)  
  34  4:30  Probe, Sentry  
  39  4:33  Pylon  
  39  4:43  Probe  
  39  4:55  Probe  
  39  4:57  Observer  
  41  5:07  Probe  
  41  5:12  Probe  
  43  5:14  Nexus  
  43  5:19  Probe  
  45  5:21  Observer  
  45  5:25  Probe (Chrono Boost)  
  46  5:29  Gateway  
  46  5:31  Sentry  
  46  5:33  Probe (Chrono Boost)  
  49  5:37  Probe (Chrono Boost)  
  49  5:41  Pylon  
  51  5:43  Probe (Chrono Boost)  
  51  5:45  Observer  
  51  5:46  Probe (Chrono Boost)  
  51  5:49  Probe (Chrono Boost)  
  54  5:52  Probe, Assimilator  
  54  5:56  Observer, Assimilator  
  55  5:58  Probe  
  55  6:02  Robotics Bay  
  56  6:04  Probe  
  56  6:10  Probe  
  58  6:13  Immortal (Chrono Boost)  
  58  6:15  Observer  
  58  6:17  Probe  
  63  6:22  Probe  
  64  6:26  Stalker x2  
  64  6:29  Probe  
  69  6:33  Gateway  
  69  6:34  Probe  
  69  6:38  Observer  
  69  6:39  Probe  
  71  6:45  Extended Thermal Lance  
  71  6:46  Colossus (Chrono Boost)  
  71  6:48  Probe x2  
  79  6:57  Pylon  
  79  7:03  Stalker  
  79  7:06  Stalker  
  83  7:15  Gateway  
  83  7:18  Gateway  
  83  7:22  Colossus (Chrono Boost)  
  82  7:27  Stalker  
  90  7:37  Probe x3  
  90  7:42  Pylon  
  93  7:45  Pylon  
  93  7:46  Pylon  
  93  7:52  Shield Battery  
  93  8:00  Probe  
  93  8:01  Stalker x2  
  93  8:04  Pylon  
  93  8:05  Pylon  
  104  8:12  Zealot  
  104  8:13  Zealot  
  104  8:14  Zealot  
  110  8:25  Probe x2  
  110  8:27  Probe  
  113  8:32  Twilight Council  
  113  8:33  Forge  
Show
View Real Time Build Order
Export as new Build Order

thermostaat Terran 

Build Orders:  

Get SALT Encoding   

  12  0:01  SCV  
  13  0:13  SCV  
  14  0:18  Supply Depot  
  14  0:30  SCV  
  15  0:41  Barracks  
  15  0:52  Barracks  
  15  0:56  SCV  
  16  1:08  SCV  
  16  1:09  Refinery  
  17  1:20  SCV  
  18  1:28  Marine  
  18  1:32  Orbital Command  
  19  1:38  Supply Depot  
  19  1:39  Marine  
  20  1:46  Marine  
  21  1:51  Bunker  
  21  1:57  Marine  
  21  2:04  Marine  
  22  2:10  Bunker  
  22  2:15  Marine  
  22  2:22  SCV  
  23  2:24  Bunker, Marine  
  24  2:36  Marine  
  24  2:40  SCV  
  24  2:42  Marine  
  25  2:44  Factory  
  23  2:54  Marine  
  23  2:55  SCV  
  24  3:03  Marine  
  25  3:07  SCV  
  25  3:12  Marine  
  26  3:20  SCV  
  27  3:30  Factory Tech Lab  
  23  3:47  SCV  
  23  3:49  Siege Tank  
  23  3:50  Command Center  
  24  3:56  Refinery  
  24  3:59  SCV  
  24  4:00  Reaper  
  26  4:08  Supply Depot  
  26  4:11  SCV  
  27  4:23  SCV  
  27  4:33  Starport  
  27  4:35  SCV  
  27  4:47  SCV  
  28  4:52  Factory Reactor  
  28  5:00  Barracks, SCV  
  28  5:03  Orbital Command  
  28  5:09  Viking  
  28  5:12  SCV  
  31  5:15  Barracks  
  31  5:18  Marine  
  32  5:22  Liberator  
  32  5:24  SCV  
  32  5:26  Orbital Command  
  33  5:36  SCV  
  33  5:38  Barracks Tech Lab  
  33  5:41  Siege Tank  
  40  5:48  SCV  
  41  5:51  SCV  
  41  5:53  Marine x2  
  41  5:56  Marine  
  41  5:57  Combat Shield  
  45  6:00  SCV  
  45  6:01  Supply Depot  
  45  6:03  Marine  
  45  6:04  SCV  
  48  6:10  Supply Depot  
  48  6:12  SCV, Marine x2  
  54  6:18  Siege Tank  
  54  6:23  SCV, Marine  
  54  6:24  SCV  
  57  6:27  Supply Depot  
  57  6:30  Medivac  
  57  6:32  Marine  
  60  6:33  Marine  
  60  6:35  SCV  
  60  6:38  Supply Depot  
  60  6:39  SCV  
  63  6:41  Marine  
  64  6:47  SCV  
  64  6:52  Siege Tank  
  64  6:53  Marine x3  
  71  6:57  SCV  
  71  7:00  Marine  
  71  7:01  SCV, Supply Depot  
  74  7:03  Starport Reactor  
  74  7:07  Engineering Bay  
  74  7:09  SCV  
  74  7:11  Marine x2  
  74  7:13  SCV  
  78  7:18  Marine x2  
  78  7:21  SCV  
  81  7:29  Marine  
  82  7:32  Siege Tank  
  82  7:34  Refinery  
  82  7:35  SCV  
  82  7:36  SCV  
  84  7:38  Command Center  
  84  7:46  Marine x2  
  84  7:47  SCV, Refinery  
  87  7:51  Supply Depot  
  87  7:52  SCV  
  87  7:53  Marine  
  89  8:05  Supply Depot  
  89  8:06  SCV  
  89  8:08  Siege Tank  
  93  8:17  Marine x2  
  93  8:19  SCV  
  96  8:22  Supply Depot  
  96  8:25  Marine  
Tags
 
Add a new tag
Caveats
  • Supply blocks, unpowered buildings, or Contaminate may cause inaccurate times.
  • Supply counts are checked every 10 seconds.